 Dungeon Crawl Stone Soup version 0.19-a0-1170-g18f0c96 (webtiles) character file.

47 Lindan9 the Grave Robber (level 3, 0/24 HPs)
             Began as a Demonspawn Necromancer on Aug 17, 2016.
             Slain by a jackal (1 damage)
             ... on level 2 of the Dungeon.
             The game lasted 00:04:34 (1362 turns).

Lindan9 the Grave Robber (Demonspawn Necromancer)   Turns: 1362, Time: 00:04:35

Health: 0/24       AC:  2    Str: 13    XL:     3   Next: 48%
Magic:  0/6        EV: 12    Int: 17    God:
Gold:   65         SH:  0    Dex: 13    Spells: 1 memorised, 6 levels left

rFire  . . .     SeeInvis .     i - +0 dagger
rCold  . . .     Gourm    .     e - +0 robe (curse)
rNeg   . . .     Faith    .     (no shield)
rPois  .         Spirit   .     (no helmet)
rElec  .         Dismiss  .     (no cloak)
rCorr  .         Reflect  .     (no gloves)
MR     .....     Harm     .     (no boots)
Stlth  ++........               (no amulet)
                                (no ring)
                                j - +5 ring of strength

@: no status effects
A: talons 1, demonic guardian 1
a: no special abilities


You were on level 2 of the Dungeon.
You were not hungry.

You visited 1 branch of the dungeon, and saw 2 of its levels.

You collected 65 gold pieces.

Inventory:

Hand Weapons
 i - a +0 dagger (weapon)
Armour
 a - a +0 robe
 e - a cursed +0 robe (worn)
Jewellery
 j - a +5 ring of strength (left hand)
Scrolls
 d - a scroll of identify
 f - a scroll of recharging
Potions
 h - a potion of degeneration {unknown}
 k - a potion of curing {unknown}
Books
 b - a book of Necromancy

   Spells                             Type                      Level
   a - Pain                           Necromancy                   1
   b - Animate Skeleton               Necromancy                   1
   c - Vampiric Draining              Necromancy                   3
   d - Regeneration                   Charms/Necromancy            3
   e - Animate Dead                   Necromancy                   4
   f - Control Undead                 Necromancy                   4
Comestibles
 c - a bread ration
 g - a meat ration


   Skills:
 + Level 2.0 Dodging
 + Level 2.0 Stealth
 + Level 2.6 Spellcasting
 + Level 5.1 Necromancy


You had 6 spell levels left.
You knew the following spells:

 Your Spells              Type           Power        Failure   Level  Hunger
a - Pain                  Necr           ###.         2%          1    #......


Dungeon Overview and Level Annotations

Branches:
Dungeon (2/15)

Altars:


Innate Abilities, Weirdness & Mutations

You have sharp toenails.
A weak demonic guardian rushes to your aid.


Message History

The jackal closely misses you.
You hit the jackal but do no damage. Your kick misses the jackal.
The jackal is heavily wounded.
The jackal bites you but does no damage. x2
You hit the jackal but do no damage.
The jackal is heavily wounded.
The jackal closely misses you.
You closely miss the jackal. Your kick misses the jackal.
The jackal is heavily wounded.
The jackal bites you but does no damage.
The jackal bites you.
* * * LOW HITPOINT WARNING * * *
Casting: Pain
Confirm with . or Enter, or press ? or * to list all spells.
Aiming: Pain
Press: ? - help, Shift-Dir - straight line, f/p - jackal
Aim: a jackal (moderately wounded, chance to defeat MR: 94%)
The jackal writhes in agony!
The jackal closely misses you. The jackal bites you.
You die...

.... ... ..>. ... ....... ...#.#
.# #†#.. . ...#...# #. <...†..###
############# #.#####
#....###..sh@......# #......
.(.....#.....#########.####......
#.###.....#..#########.##...#....
#.##..##........##.##.###....
###.###.......###....>....(....
...................#...........
...###.#########..............
#..###.#######................
#............<.###.#######....


You could see a jackal and a giant cockroach.

Vanquished Creatures
  4 dart slugs (D:1)
  2 giant geckos (D:1)
  2 bats
  3 giant cockroaches
  3 goblins
  6 hobgoblins (D:1)
  7 jackals
  A giant newt (D:2)
  2 kobolds (D:1)
  3 rats
33 creatures vanquished.

Notes
Turn   | Place    | Note
-------+----------+-------------------------------------------
     0 | D:1      | Lindan9 the Demonspawn Necromancer began the quest for the Orb.
     0 | D:1      | Reached XP level 1. HP: 13/13 MP: 3/3
   211 | D:1      | Gained mutation: A weak demonic guardian rushes to your aid. [demonic ancestry]
   211 | D:1      | Reached XP level 2. HP: 16/19 MP: 1/5
   888 | D:1      | Gained mutation: You have sharp toenails. [demonic ancestry]
   888 | D:1      | Reached XP level 3. HP: 19/24 MP: 4/6
   992 | D:1      | Reached skill level 5 in Necromancy
  1355 | D:2      | HP: 1/24 [jackal (1)]
  1360 | D:2      | HP: 1/24 [jackal (1)]
  1362 | D:2      | Slain by a jackal

Vault maps used:
D:1:      sevenhm_arrival_forest_fort_small_3

Skill      XL: |  1  2  3 |
---------------+----------+-----
Dodging        | 2 |  2.0
Stealth        | 2 |  2.0
Necromancy     | 5 |  5.1
Spellcasting   | |  2.6

Action                   || total
-------------------------++-------
Melee: Dagger            ||    44
       Kick              ||     8
 Cast: Pain              ||    50
  Use: Scroll            ||     2
  Eat: Meat ration       ||     1
Armor: Robe              ||    13
Dodge: Dodged            ||    58
